 Dungeon Crawl Stone Soup version 0.18.1-5-g4a78601 (webtiles) character file.

25 oplop the Insei (level 3, -11/23 HPs)
             Began as an Octopode Transmuter on May 13, 2016.
             Killed from afar by Ijyb (19 damage)
             ... with a wand of lightning
             ... on level 2 of the Dungeon.
             The game lasted 00:02:36 (592 turns).

oplop the Insei (Octopode Transmuter)                Turns: 592, Time: 00:02:36

Health: -11/23     AC:  1    Str:  9    XL:     3   Next: 6%
Magic:  6/6        EV: 12    Int: 16    God:
Gold:   64         SH:  0    Dex: 12    Spells: 1 memorised, 5 levels left

rFire  . . .     SeeInvis .       - Unarmed
rCold  . . .     Gourm    .     (no shield)
rNeg   . . .     Faith    .     (helmet restricted)
rPois  .         Spirit   .     (no amulet)
rElec  .         Dismiss  .     (no ring)
rCorr  .         Reflect  .     (no ring)
SustAt .         Harm     .     (no ring)
MR     .....                    (no ring)
Stlth  ++........               (no ring)
                                (no ring)
                                (no ring)
                                (no ring)

@: not resistant to hostile enchantments, unstealthy
A: almost no armour, amphibious, 8 rings, constrict 8, camouflage 1, gelatinous
body 1
a: no special abilities


You were on level 2 of the Dungeon.
You were not hungry.

You visited 1 branch of the dungeon, and saw 2 of its levels.

You collected 64 gold pieces.

Inventory:

Missiles
 a - 12 arrows
Scrolls
 d - a scroll of magic mapping {unknown}
 e - 2 scrolls of teleportation {unknown}
 k - a scroll of remove curse {unknown}
Potions
 f - a potion of resistance {unknown}
 g - a potion of invisibility {unknown}
 h - 2 potions of curing {unknown}
Books
 b - a book of Changes

   Spells                             Type                      Level
   a - Beastly Appendage              Transmutation                1
   b - Sticks to Snakes               Transmutation                2
   c - Spider Form                    Transmutation/Poison         3
   d - Ice Form                       Ice/Transmutation            4
   e - Blade Hands                    Transmutation                5
Comestibles
 c - 2 bread rations
 i - 2 meat rations
 j - a chunk of flesh


   Skills:
 - Level 1.0 Fighting
 - Level 2.0 Dodging
 + Level 3.3 Unarmed Combat
 + Level 2.3 Spellcasting
 * Level 2.7 Transmutations


You had 5 spell levels left.
You knew the following spells:

 Your Spells              Type           Power        Failure   Level  Hunger
a - Beastly Appendage     Trmt           ##....       10%         1    #......


Dungeon Overview and Level Annotations

Branches:
Dungeon (2/15)

Altars:

Annotations:
D:2 Ijyb


Innate Abilities, Weirdness & Mutations

You cannot wear most types of armour.
You are amphibious.
You can wear up to eight rings at the same time.
You can use your tentacles to constrict eight enemies at once.
Your skin changes colour to match your surroundings (Stealth).
Your rubbery body absorbs attacks (AC +1).


Message History

The giant cockroach is moderately wounded.
You constrict the giant cockroach. The giant cockroach bites you.
You tentacle-slap the giant cockroach.
You kill the giant cockroach!
Ijyb screams, "You nasty!
Big nasty!"
The giant gecko misses you.
You see here a club.
You miss the giant gecko. Your grab misses the giant gecko.
The giant gecko bites you.
Your transformation is almost over.
The giant gecko barely misses you.
Ijyb zaps a wand.
The bolt of lightning hits the giant gecko.
The giant gecko dies!
The bolt of lightning hits you! The bolt of lightning misses you.
It is a wand of lightning.
Your tentacle spike disappears.
Ijyb zaps a wand.
The bolt of lightning hits you!
Ouch! That really hurt!
You die...

##..# ##..... ## ##
..##..##. . ........
.# ###..##.###.#
###...........#
..........).###
#...........#
#....@..[##g#
#........##.## ..
#........##..###....
#........g##........
.....................
###........######.....
#.........######.#...
..########....##.##..
#....##†÷# #


You could see Ijyb.

Vanquished Creatures
  A dart slug (D:1)
  A giant gecko (D:1)
  2 giant cockroaches (D:2)
  2 goblins
  3 hobgoblins
  A ball python (D:1)
  3 bats (D:1)
  3 giant newts
  3 kobolds (D:1)
  5 rats (D:1)
24 creatures vanquished.

Vanquished Creatures (others)
  A giant gecko (D:2)
  A rat (D:2)
2 creatures vanquished.

Grand Total: 26 creatures vanquished

Notes
Turn   | Place    | Note
--------------------------------------------------------------
     0 | D:1      | oplop the Octopode Transmuter began the quest for the Orb.
     0 | D:1      | Reached XP level 1. HP: 13/13 MP: 3/3
   166 | D:1      | Reached XP level 2. HP: 17/18 MP: 3/5
   573 | D:2      | Reached XP level 3. HP: 16/23 MP: 6/6
   576 | D:2      | Noticed Ijyb
   592 | D:2      | Killed from afar by Ijyb

Action                   || total
-------------------------++-------
Melee: Unarmed           ||    52
       Constrict         ||    13
       Tentacles         ||     4
       Kick              ||     3
       Punch             ||     1
 Cast: Beastly Appendage ||     4
 Stab: Sleeping          ||     2
Armor: Skin              ||     3
Dodge: Dodged            ||    38
